 Dungeon Crawl Stone Soup version 0.28.0-45-g0d030f2227 (webtiles) character file.

Game seed: 12492037902938389610

382 zeratav the Insei (level 6, 0/41 HPs)
             Began as an Octopode Transmuter on Apr 7, 2022.
             Slain by a lemure (2 damage)
             ... led by Pikel
             ... on level 5 of the Dungeon.
             The game lasted 00:07:54 (3053 turns).

zeratav the Insei (Octopode Transmuter)             Turns: 3053, Time: 00:07:55

Health: 0/41       AC:  2    Str:  9    XL:     6   Next: 76%
Magic:  7/9        EV: 21    Int: 16    God:
Gold:   159        SH:  0    Dex: 19    Spells: 5/9 levels left

rFire   + . .      SeeInvis .     - Unarmed
rCold   . . .      Faith    .   (shield currently unavailable)
rNeg    . . .      Spirit   .   (helmet currently unavailable)
rPois   x          Reflect  .   (no amulet)
rElec   .          Harm     .   l - ring of protection from fire
rCorr   .          Rampage  .   (no ring)
Will    .....                   (no ring)
Stlth   +++.......              (no ring)
HPRegen 0.13/turn               (no ring)
MPRegen 0.11/turn               (no ring)
                                (no ring)
                                (no ring)

@: spider-form (expiring)
A: venomous fangs, almost no armour, (amphibious), 8 rings, tiny, (camouflage
1), (gelatinous body 1), (nimble swimmer 1), (tentacles)
a: End Transformation


You were on level 5 of the Dungeon.
You were a venomous arachnid creature.
You visited 1 branch of the dungeon, and saw 5 of its levels.

You collected 159 gold pieces.


Innate Abilities, Weirdness & Mutations

You are a venomous arachnid creature.
You have poisonous fangs.
You are tiny and dextrous.
Your spellcasting is less reliable in this form.
Your armour is entirely melded.
You are incapable of wielding weapons or throwing items.
You cannot wear most types of armour.
((You are amphibious.))
You can wear up to eight rings at the same time.
((Your skin changes colour to match your surroundings (Stealth+).))
((Your rubbery body absorbs attacks. (AC +1, EV +1)))
((You are camouflaged when in or above water. (Stealth+)))
((You have tentacles for arms and can constrict up to eight enemies at once.))


   Skills:
 + Level 2.6 Fighting
 + Level 3.2 Dodging
 + Level 3.7 Stealth
 * Level 4.9 Unarmed Combat
 - Level 2.0 Spellcasting
 + Level 3.3 Transmutations


You had 5 spell levels left.
You knew the following spells:

 Your Spells              Type           Power      Damage    Failure   Level
a - Beastly Appendage     Tmut           24%        N/A       16%         1
b - Spider Form           Tmut/Pois      6%         N/A       52%         3

Your spell library contained the following spells:

 Spells                   Type           Power      Damage    Failure   Level
 Wereblood                Tmut           12%        N/A       21%         2
 Gell's Gravitas          Tloc           1%         N/A       73%         3
 Teleport Other           Tloc           1%         N/A       73%         3
 Ice Form                 Ice/Tmut       6%         N/A       87%         4
 Dispersal                Tloc           0%         N/A       100%        6

Inventory:

Hand Weapons
 b - the +8 woodcutter's axe (melded) {vorpal}
   (You found it on level 3 of the Dungeon)

   It inflicts extra damage upon your enemies.
 e - a +1 vampiric spear {polearm}
   (You found it on level 1 of the Dungeon)
Jewellery
 l - a ring of protection from fire (left front leg)
   (You found it on level 3 of the Dungeon)
 m - an amulet of regeneration {@e2}
   (You took it off an orc on level 3 of the Dungeon)
Scrolls
 a - a scroll of noise {unknown}
 g - 4 scrolls of identify {unknown}
 i - a scroll of enchant armour {unknown}
 j - a scroll of vulnerability {unknown}
 k - a scroll of magic mapping {unknown}
 n - 2 scrolls of amnesia {unknown}
Potions
 c - a potion of curing {@q1}
 d - a potion of might {unknown}
 f - a potion of attraction {unknown}
 h - a potion of mutation {unknown}

Dungeon Overview and Level Annotations

Branches:
Dungeon (5/15)
 Temple: D:4-7

Altars:

Shops:
D:2 !   D:3 ?

Annotations:
D:4 Pikel
D:5 Ijyb

.. #.
### #.
.. #.
..
#.##.
...
#.#
#s#
#..5.#
##.#.#
#.#$#
# ...
..#
###


You could see a lemure.


Message History

You pick up a There-And-Back Book and begin reading...
You add the spells Gell's Gravitas, Teleport Other and Dispersal to your library.
An adder comes into view.
The adder bites you.
HP[-2]
You take 2 damage, and now have 37/39 hp.
You slash the adder! Your grab misses the adder. You tentacle-slap the adder.
The adder barely misses you.
You slash the adder!
You kill the adder!
HP[+1]
A hobgoblin comes into view.
The hobgoblin shouts!
HP[+1]
Your hp is fully restored (39).
You slash the hobgoblin!
You kill the hobgoblin!
You see here a hobgoblin corpse.
Found a stone staircase leading up.
There is a stone staircase leading up here.
A hobgoblin comes into view.
The hobgoblin shouts!
The hobgoblin barely misses you.
You closely miss the hobgoblin. Your grab misses the hobgoblin.
You squeeze the hobgoblin.
You kill the hobgoblin!
You hit the bush but do no damage.
You see here a hobgoblin corpse.
Found an escape hatch in the ceiling.
A dart slug comes into view.
Found an escape hatch in the floor.
The helpless dart slug fails to defend itself.
You slash the dart slug!
You kill the dart slug!
HP[+1]
You now have 40 max hp (+1).
Your hp is fully restored (40).
g - 4 scrolls labelled WIRHAU ENUGAUKEM (gained 1)
You now have 159 gold pieces (gained 11).
You hit the bush but do no damage. You slash the bush!
An iguana comes into view.
The helpless iguana fails to defend itself.
You hit the iguana but do no damage. Your grab misses the iguana.
Your squeeze misses the iguana. The iguana bites you!
HP[-9]
You take 9 damage, and now have 31/40 hp.
MASSIVE DAMAGE!! (PAUSE)
You slash the iguana! Your grab misses the iguana. You squeeze the iguana.
You kill the iguana!
HP[+1]
You now have 41 max hp (+1).
HP[+1] Pikel, Merchant of Souls comes into view.
He is wielding a +1 whip of flaming and carrying a wand of polymorph (1).
Pikel shouts!
You hear a shout! x3
A lemure comes into view. x2
HP[+1]
Casting: Spider Form (quite dangerous; 32% risk of failure)
Confirm with . or Enter, or press ? or * to list all spells.
The spell is quite dangerous to miscast (32% risk of failure)!
Continue anyway? [Y]es or [N]o only, please.
The spell is quite dangerous to miscast (32% risk of failure)!
Continue anyway? [Y]es or [N]o only, please.
The spell is quite dangerous to miscast (32% risk of failure)!
Continue anyway?
You turn into a venomous arachnid creature.
The +8 woodcutter's axe {vorpal} melds into your body.
The ogre shouts!
MP[-3]
You lost 3 mp, and now have 6/9 mp.
You bite the ogre!
The ogre is poisoned.
The ogre closely misses you.
You hit the ogre.
The ogre looks as sick as possible!
The ogre completely misses you.
You hit the ogre but do no damage.
The ogre looks as sick as possible!
You bite the ogre!
The ogre looks as sick as possible!
Your transformation is almost over.
The ogre hits you with a +0 giant spiked club!!
Ouch! That really hurt!
* * * LOW HITPOINT WARNING * * *
You hear a shout!
HP[-31]
You take 31 damage, and now have 3/41 hp.
MASSIVE DAMAGE!! (PAUSE)
You hit the ogre.
You kill the ogre!
HP[+1]
You see here a +0 giant spiked club {mace}.
MP[+1]
The lemure shouts!
The lemure hits you.
* * * LOW HITPOINT WARNING * * *
A lemure comes into view.
There is a stone staircase leading down here.
HP[-2]
You take 2 damage, and now have 2/41 hp.
Pikel zaps a wand.
You resist with some effort.
The now-empty wand crumbles to dust.
The lemure completely misses you.
You climb downwards.
There is a stone staircase leading up here.
You barely miss the lemure. The lemure misses you.
You closely miss the lemure. The lemure hits you.
You die...

Skill      XL: |  1  2  3  4  5 |
---------------+----------------+-----
Stealth        | 1 2 3 |  3.7
Unarmed Combat | 4 |  4.9
Fighting       | 2 |  2.6
Dodging        | 3 |  3.2
Transmutations | 3 |  3.3
Spellcasting   | |  2.0

Action                   |  1- 3 |  4- 6 || total
-------------------------+-------+-------++-------
Melee: Unarmed           |    32 |    11 ||    43
       Constrict         |    19 |    16 ||    35
       Kick              |    11 |     6 ||    17
       Tentacles         |    11 |    11 ||    22
       Punch             |     2 |     2 ||     4
       Spear             |    51 |    45 ||    96
       War axe           |       |    24 ||    24
 Cast: Beastly Appendage |    11 |     9 ||    20
       Spider Form       |       |     2 ||     2
  Use: Potion            |       |     2 ||     2
 Stab: Sleeping          |     5 |     9 ||    14
Armor: Skin              |     7 |     5 ||    12
Dodge: Dodged            |    46 |    58 ||   104

Levels and vault maps discovered:
D:1:      amcnicky_arrival_double_pillar, layout_rooms,
          dreamdust_ecumenical_altar_drowned_temple
D:2:      layout_rooms, serial_shops, nicolae_square_shop,
          minmay_close_crescents
D:3:      layout_rooms, serial_shops, shop
D:4:      layout_cave_pools, serial_park, serial_park_fountain,
          serial_park_tiny_2, serial_park_square1 [serial_park_minivault_5x5_7],
          serial_park_tiny_1, uniq_pikel
D:5:      layout_basic, minmay_temple_entry_poolview, minmay_manual_moon,
          uniq_ijyb, uniq_duvessa, uniq_sigmund

Notes
Turn   | Place    | Note
-------+----------+-------------------------------------------
     0 | D:1      | zeratav the Octopode Transmuter began the quest for the
                  | Orb.
     0 | D:1      | Reached XP level 1. HP: 13/13 MP: 3/3
     0 | D:1      | magus.rc [v1.9.6]
   227 | D:1      | Reached XP level 2. HP: 15/18 MP: 3/5
   381 | D:1      | Reached skill level 1 in Stealth
   409 | D:1      | Found a faded altar of an unknown god.
   851 | D:1      | Reached XP level 3. HP: 23/23 MP: 6/6
  1345 | D:2      | Found Hatoguama's Distillery.
  1383 | D:2      | Reached XP level 4. HP: 28/28 MP: 5/7
  1708 | D:2      | Reached skill level 2 in Stealth
  1917 | D:3      | Found the +8 woodcutter's axe {vorpal}
  1926 | D:3      | HP: 3/29 [orc/+0 trident (6)]
  1927 | D:3      | HP: 1/29 [poisoned by an adder]
  2226 | D:3      | Noticed an ogre
  2264 | D:3      | Reached skill level 4 in Unarmed Combat
  2264 | D:3      | Reached XP level 5. HP: 34/34 MP: 8/8
  2267 | D:3      | Reached skill level 2 in Fighting
  2569 | D:3      | Found Hueje's Magic Scroll Shop.
  2683 | D:4      | Noticed an ogre
  2689 | D:4      | Noticed an ogre
  2800 | D:3      | Learned a level 3 spell: Spider Form
  2810 | D:3      | Killed an ogre
  2811 | D:3      | Reached skill level 3 in Dodging
  2811 | D:3      | Reached skill level 3 in Stealth
  2811 | D:3      | Reached skill level 3 in Transmutations
  2811 | D:3      | Reached XP level 6. HP: 39/39 MP: 6/9
  2896 | D:4      | You add the spells Gell's Gravitas, Teleport Other and
                  | Dispersal to your library.
  3033 | D:4      | Noticed Pikel
  3046 | D:4      | HP: 3/41 [ogre/+0 giant spiked club (31)]
  3051 | D:5      | Entered Level 5 of the Dungeon
  3051 | D:5      | Noticed Ijyb
  3053 | D:5      | Slain by a lemure

Vanquished Creatures
  2 ogres
  2 orc priests (D:3)
  An iguana (D:4)
  5 adders
  A worm (D:2)
  2 dart slugs
  7 orcs (D:3)
  10 bats
  4 endoplasms
  A giant cockroach (D:1)
  6 goblins
  7 hobgoblins
  A jackal (D:2)
  5 kobolds
  A quokka (D:1)
  8 ball pythons
  4 frilled lizards
  10 rats
  A spectral hobgoblin (D:1)
78 creatures vanquished.

Table legend:
 A = Non-vault XP
 B = Vault XP
 C = Vault XP percentage of total XP
 D = Non-vault monster count
 E = Vault monster count
 F = Vault count percentage of total count
                 A         B        C        D         E       F
            +---------+---------+-------+---------+---------+-------
      Total |     539 |       7 |   1.3 |      73 |       5 |   6.4
            +---------+---------+-------+---------+---------+-------
        D:1 |      41 |       1 |   2.4 |      24 |       1 |   4.0
        D:2 |      56 |       6 |   9.7 |      19 |       4 |  17.4
        D:3 |     259 |       0 |   0.0 |      22 |       0 |   0.0
        D:4 |     183 |       0 |   0.0 |       8 |       0 |   0.0
            +---------+---------+-------+---------+---------+-------

Illustrated notes

Table legend:
 A = Kills in this place as a percentage of kills in entire the game.
 B = Kills by you in this place as a percentage of kills by you in the entire game.
 C = Kills by friends in this place as a percentage of kills by friends in the entire game.
 D = Other kills in this place as a percentage of other kills in the entire game.
 E = Experience gained in this place as a percentage of experience gained in the entire game.
 F = Experience gained in this place divided by the number of levels of this place that you have seen.
                   A       B       C       D       E      F
               +-------+-------+-------+-------+-------+----------------------
         Total | 100.0 | 100.0 |   N/A |   N/A | 100.0 | 109.2
       Dungeon | 100.0 | 100.0 |   N/A |   N/A | 100.0 | 109.2
               +-------+-------+-------+-------+-------+----------------------

Table legend: (Time is in decaauts)
 A = Elapsed time spent in this place.
 B = Non-inter-level travel time spent in this place.
 C = Inter-level travel time spent in this place.
 D = Time resting spent in this place.
 E = Time spent auto-exploring this place.
 F = Levels seen in this place.
 G = Mean time per level.
                   A        B        C        D        E       F      G
               +--------+--------+--------+--------+--------+-----+--------+
         Total |   3060 |   2907 |    153 |    384 |   1678 |   5 |  612.0 |
       Dungeon |   3060 |   2907 |    153 |    384 |   1678 |   5 |  612.0 |
               +--------+--------+--------+--------+--------+-----+--------+

Top non-repeatable levels by time:
     D:2: 1139 daAuts
     D:1: 899 daAuts
     D:3: 819 daAuts
     D:4: 200 daAuts
     D:5: 1 daAuts
